 Dungeon Crawl Stone Soup version 0.28-a0-1560-g060a6a1bfc (webtiles) character file.

Game seed: 16500416426172316527

194 Nattfarinn the Chopper (level 5, 0/48 HPs)
             Began as a Hill Orc Fighter on Jan 19, 2022.
             Killed by divine providence
             ... invoked by an orc priest
              (12 damage)
             ... on level 4 of the Dungeon.
             The game lasted 00:02:56 (2612 turns).

Nattfarinn the Chopper (Hill Orc Fighter)           Turns: 2612, Time: 00:02:57

Health: 0/48       AC:  8    Str: 21    XL:     5   Next: 73%
Magic:  5/5        EV:  9    Int:  8    God:
Gold:   137        SH:  4    Dex: 10    Spells: 4/4 levels left

rFire   . . .      SeeInvis .   m - +0 spear (venom)
rCold   . . .      Faith    .   c - +0 buckler
rNeg    . . .      Spirit   .   b - +0 scale mail
rPois   .          Reflect  .   (no helmet)
rElec   .          Harm     .   (no cloak)
rCorr   .          Rampage  .   (no gloves)
Will    .....                   n - +0 pair of boots
Stlth   ..........              (no amulet)
HPRegen 0.16/turn               (no ring)
MPRegen 0.09/turn               (no ring)

@: no status effects
A: no striking features
a: Convert to Beogh


You were on level 4 of the Dungeon.
You visited 1 branch of the dungeon, and saw 4 of its levels.

You collected 137 gold pieces.

Inventory:

Hand Weapons
 a - a +0 war axe
 k - a +2 mace of protection
 m - a +0 spear of venom (weapon)
Armour
 b - a +0 scale mail (worn)
 c - a +0 buckler (worn)
 n - a +0 pair of boots (worn)
Scrolls
 f - a scroll of noise {unknown}
 g - 3 scrolls of identify {unknown}
 h - 4 scrolls of enchant weapon {unknown}
 i - a scroll of magic mapping {unknown}
 l - a scroll of summoning {unknown}
 q - 2 scrolls of blinking {unknown}
 r - 3 scrolls of immolation {unknown}
 s - a scroll of teleportation {unknown}
Potions
 e - a potion of lignification {unknown}
 j - a potion of resistance {unknown}
 o - a potion of brilliance {unknown}
 p - a potion of curing {unknown}


   Skills:
 + Level 5.2 Fighting
 * Level 6.4 Axes
 - Level 3.2 Armour
 - Level 3.2 Shields


You had 4 spell levels left.
You didn't know any spells.
Your spell library contained the following spells:

 Spells                   Type           Power      Damage    Failure   Level
 Beastly Appendage        Tmut           0%         N/A       83%         1
 Wereblood                Tmut           0%         N/A       93%         2
 Spider Form              Tmut/Pois      0%         N/A       99%         3
 Animate Armour           Summ/Erth      0%         N/A       100%        4
 Blade Hands              Tmut           0%         N/A       100%        5
 Iron Shot                Conj/Erth      0%         9d1       100%        6


Dungeon Overview and Level Annotations

Branches:
Dungeon (4/15)
 Temple: D:4-7

Altars:

Shops:
D:1 [


Message History

The adder skeleton is lightly damaged.
The orc priest shouts, "Beogh is our master!
Accept the truth or die!"
The adder skeleton barely misses you. You block the orc priest's attack.
Reach: m) +0 spear (venom)
Press: ? - help, Dir - move target, f - orc priest
Aim: an orc priest, wielding a +0 trident and wearing a +0 ring mail (about 35% to evade your +0 spear of venom)
The adder skeleton is in the way.
You barely miss the adder skeleton.
The adder skeleton is lightly damaged.
The adder skeleton barely misses you. The orc priest completely misses you.
The orc priest shouts, "Beogh is our master!
Accept the truth or die!"
You hit the adder skeleton.
The adder skeleton is heavily damaged.
The adder skeleton barely misses you.
You hit the adder skeleton.
The adder skeleton is heavily damaged.
The adder skeleton bites you.
You puncture the orc!
You kill the orc!
Reach: m) +0 spear (venom)
Press: ? - help, Dir - move target, f/p - orc priest
Aim: an orc priest, wielding a +0 trident and wearing a +0 ring mail (about 35% to evade your +0 spear of venom)
The adder skeleton is in the way.
You hit the adder skeleton.
The adder skeleton is almost destroyed.
The adder skeleton bites you.
The orc priest hits you but does no damage.
Reach: m) +0 spear (venom)
Press: ? - help, Dir - move target, f/p - orc priest
Aim: an orc priest, wielding a +0 trident and wearing a +0 ring mail (about 35% to evade your +0 spear of venom)
The adder skeleton is in the way.
You hit the adder skeleton.
You destroy the adder skeleton!
The orc priest hits you from afar with a +0 trident.
The orc priest calls down the wrath of Beogh upon you.
Beogh smites you!
* * * LOW HITPOINT WARNING * * *
Items here: ))))))) [ ††.
You barely miss the orc priest. The orc priest closely misses you.
You barely miss the orc priest.
The orc priest invokes the aid of Beogh against you.
Beogh smites you!
You die...

#.###.##..#
#.##...#[.#
#.....<...#
####...##.#
##.###.#
#.# #.# ##
#.# #.# ..
#.#
#.###.#####
#.#
#..@o......
#.
#####.....?
..... ....
... ##


You could see an orc priest.

Vanquished Creatures
  Blork the orc (D:4)
  An orc wizard (D:4)
  4 adders
  An adder skeleton (D:4)
  2 worms
  6 orcs (D:4)
  3 ball pythons
  4 endoplasms
  A giant cockroach (D:3)
  3 goblins
  6 hobgoblins
  3 jackals (D:2)
  A kobold (D:2)
  A quokka (D:2)
  8 bats
  5 frilled lizards
  3 rats
53 creatures vanquished.

Notes
Turn   | Place    | Note
-------+----------+-------------------------------------------
     0 | D:1      | Nattfarinn the Hill Orc Fighter began the quest for the
                  | Orb.
     0 | D:1      | Reached XP level 1. HP: 19/19 MP: 1/1
   167 | D:1      | Reached skill level 3 in Axes
   657 | D:1      | Reached XP level 2. HP: 27/27 MP: 2/2
   667 | D:1      | Found Usegh's Armour Shop.
  1151 | D:2      | Reached skill level 4 in Axes
  1151 | D:2      | Reached XP level 3. HP: 19/33 MP: 3/3
  1466 | D:2      | Found a faded altar of an unknown god.
  1690 | D:2      | Reached XP level 4. HP: 23/41 MP: 4/4
  1921 | D:3      | Reached skill level 5 in Axes
  2496 | D:4      | Noticed Blork the orc
  2502 | D:4      | Killed Blork the orc
  2503 | D:4      | Reached skill level 5 in Fighting
  2503 | D:4      | Reached skill level 6 in Axes
  2503 | D:4      | Reached XP level 5. HP: 39/48 MP: 5/5
  2612 | D:4      | Killed from afar by an orc priest

Illustrated notes

Levels and vault maps discovered:
D:1:      ncdulo_watergridlock, layout_loops_ring, serial_shops,
          nicolae_square_shop
D:2:      layout_rooms, hellmonk_ecumenical_altar_crossroads
D:3:      layout_basic
D:4:      layout_loops_ring, minmay_small_thing, uniq_blork_the_orc

Skill      XL: |  1  2  3  4 |
---------------+-------------+-----
Axes           | 3 4 6 |  6.4
Fighting       | 4 5 |  5.2
Armour         | |  3.2
Shields        | |  3.2

Action                   |  1- 3 |  4- 6 || total
-------------------------+-------+-------++-------
Melee: War axe           |    54 |       ||    54
       Mace              |    22 |       ||    22
       Spear             |    32 |    73 ||   105
  Use: Potion            |       |     1 ||     1
Armor: Scale mail        |    58 |    19 ||    77
Dodge: Dodged            |    42 |    14 ||    56
Block: Buckler           |    18 |     7 ||    25

Table legend: (Time is in decaauts)
 A = Elapsed time spent in this place.
 B = Non-inter-level travel time spent in this place.
 C = Inter-level travel time spent in this place.
 D = Time resting spent in this place.
 E = Time spent auto-exploring this place.
 F = Levels seen in this place.
 G = Mean time per level.
                   A        B        C        D        E       F      G
               +--------+--------+--------+--------+--------+-----+--------+
         Total |   2641 |   2514 |    127 |      0 |   2127 |   4 |  660.2 |
       Dungeon |   2641 |   2514 |    127 |      0 |   2127 |   4 |  660.2 |
               +--------+--------+--------+--------+--------+-----+--------+

Top non-repeatable levels by time:
     D:1: 1096 daAuts
     D:2: 827 daAuts
     D:3: 579 daAuts
     D:4: 138 daAuts
